 Dungeon Crawl Stone Soup version 0.29.1-12-g30fa7ad0bf (webtiles) character file.

Game seed: 3822690848537958847

439 raph the Spear-Bearer (level 7, -9/50 HPs)
             Began as a Merfolk Gladiator on Jan 14, 2023.
             Was an Initiate of Zin.
             Killed by divine providence
             ... invoked by an orc priest
              (11 damage)
             ... on level 4 of the Dungeon.
             The game lasted 00:04:42 (4246 turns).

raph the Spear-Bearer (Merfolk Gladiator)           Turns: 4246, Time: 00:04:42

Health: -9/50      AC:  8    Str: 14    XL:     7   Next: 1%
Magic:  0/7        EV: 13    Int:  7    God:    Zin [......]
Gold:   100        SH:  0    Dex: 18    Spells: 6/6 levels left

rFire   . . .      SeeInvis .   a - +0 trident
rCold   . . .      Faith    .   (no shield)
rNeg    . . .      Spirit   +   i - +3 leather armour
rPois   .          Reflect  .   c - +0 helmet
rElec   .          Harm     .   k - +0 cloak
rCorr   .          Rampage  .   (no gloves)
Will    .....      Clarity  +   (no boots)
Stlth   +.........              h - amulet of guardian spirit
HPRegen 0.16/turn               (no ring)
MPRegen 0.10/turn               (no ring)

@: no status effects
A: (nimble swimmer 2), mertail, clarity, MP-powered wands, noise suppression
a: Renounce Religion, Donate Gold


You were on level 4 of the Dungeon.
You worshipped Zin.
Zin was noncommittal.
You visited 1 branch of the dungeon, and saw 5 of its levels.

You collected 111 gold pieces.
You donated 11 gold pieces to Zin.

Inventory:

Hand Weapons
 a - a +0 trident (weapon)
Armour
 b - a +0 leather armour
 c - a +0 helmet (worn)
 i - a +3 leather armour (worn)
 k - a +0 cloak (worn)
 l - a +0 leather armour of fire resistance
Jewellery
 d - an amulet of reflection
 h - an amulet of guardian spirit (around neck)
 o - a ring of wizardry
 p - the amulet "Vixkut" {RegenMP Int+4}
   (You found it on level 3 of the Dungeon)

   [amulet of magic regeneration]

   It increases your rate of magic regeneration.
   Int:       It affects your intelligence (+4).
Scrolls
 q - a scroll of magic mapping
Potions
 f - 3 potions of curing
 g - a potion of invisibility {unknown}
 j - 2 potions of mutation
 m - a potion of might {unknown}
 n - 3 potions of attraction {unknown}
 r - a potion of haste {unknown}


   Skills:
 + Level 2.1 Fighting
 + Level 10.0 Polearms
 - Level 2.0 Throwing
 + Level 4.0 Dodging
 + Level 0.0 Invocations


You had 6 spell levels left.
You didn't know any spells.
Your spell library contained the following spells:

 Spells                   Type           Power      Damage    Failure   Level
 Summon Small Mammal      Summ           0%         N/A       52%         1
 Sublimation of Blood     Necr           0%         N/A       65%         2
 Wereblood                Tmut           0%         N/A       65%         2
 Call Canine Familiar     Summ           0%         N/A       87%         3
 Dazzling Flash           Conj/Hex       0%         N/A       87%         3
 Summon Guardian Golem    Hex/Summ       0%         N/A       87%         3
 Iskenderun's Mystic Bla  Conj/Tloc      0%         2d3       99%         4
 Starburst                Conj/Fire      0%         6d3       100%        6
 Spellforged Servitor     Conj/Summ      0%         N/A       100%        7
 Summon Hydra             Summ           0%         N/A       100%        7


Dungeon Overview and Level Annotations

Branches:
Dungeon (5/15)
 Temple: D:4-7

Altars:
Nemelex Xobeh
Zin

Annotations:
D:4 1 runed translucent door, IHuginn's ghost, novice OpBe


Innate Abilities, Weirdness & Mutations

((You are very nimble when in or above water. (Stealth+, EV+, Speed+++)))
Your lower body shifts to a powerful aquatic tail in water.
You possess an exceptional clarity of mind.
You expend magic power (3 MP) to strengthen your wands.
You passively dampen the noise of your surroundings.


Message History

You are too injured to fight recklessly!
You are too injured to fight recklessly!
You closely miss the orc priest.
The orc priest is almost dead.
You barely miss the orc priest. You punch the orc priest.
The orc priest is almost dead.
The orc priest calls down the wrath of Beogh upon you.
Beogh smites you!
* * * LOW HITPOINT WARNING * * *
The orc wizard gestures at you while chanting.
You resist with some effort. The orc priest closely misses you.
The orc priest attacks as you move away!
The orc priest hits you but does no damage.
The orc priest attacks as you move away!
The orc priest hits you but does no damage.
The orc wizard casts a spell.
The orc wizard flickers and vanishes!
Deactivating autopickup; reactivate with Ctrl-A.
The orc priest mumbles some strange prayers to Beogh against you.
Beogh smites you!
* * * LOW HITPOINT WARNING * * *
The orc priest calls upon Beogh to heal the orc priest.
The orc priest is healed somewhat.
Okay, then.
Okay, then.
It was a potion of mutation.
You feel extremely strange.
Your thoughts seem clearer.
You feel your surroundings grow quieter.
You feel your magical essence link to the dungeon's wands.
Zin forgives your inadvertent chaotic act, just this once.
Something hits you but does no damage.
The orc priest looks satisfied for a moment.
Something hits you but does no damage.
Items here: $ ( )) [.
Okay, then.
You hear some strange, mumbled words.
Something tries to affect you, but you resist.
The orc priest calls down the wrath of Beogh upon you.
Beogh smites you!
You die...

#...# #... .#...#
.##.##...##.#...#
...##..........# #..#
#[.......#
##..###..#o#...#### #
#.........o........ ..
###...####.#)(......#
..##..)...........##.#..
....>..(......#.@.# #
###.........#...<.#
#.>#...#..#.#..##
#......#..#.#..#
##.#####.......# #.#
##......# ... ###.####
.... #.# ... #.#


You could see 2 orc priests.

Vanquished Creatures
  2 ogres
  Blork the orc (D:3)
  A necrophage (D:4)
  A howler monkey (D:3)
  An orc priest (D:3)
  2 adders
  2 dart slugs (D:1)
  9 orcs
  3 endoplasms
  A giant cockroach (D:2)
  6 goblins
  4 hobgoblins
  A quokka (D:4)
  6 ball pythons
  3 bats
  3 frilled lizards
  4 kobolds
  5 rats
55 creatures vanquished.

Notes
Turn   | Place    | Note
-------+----------+-------------------------------------------
     0 | D:1      | raph the Merfolk Gladiator began the quest for the Orb.
     0 | D:1      | Reached XP level 1. HP: 16/16 MP: 1/1
   201 | D:1      | Found a faded altar of an unknown god.
   352 | D:1      | Reached XP level 2. HP: 20/22 MP: 2/2
   469 | D:1      | Reached skill level 5 in Polearms
   902 | D:1      | Reached XP level 3. HP: 21/27 MP: 3/3
  1452 | D:2      | Found a glowing silver altar of Zin.
  1469 | D:2      | Became a worshipper of Zin the Law-Giver
  1594 | D:2      | Got the Secrets of Unholy Conflict
  1860 | D:3      | Reached skill level 6 in Polearms
  2325 | D:3      | Reached skill level 7 in Polearms
  2325 | D:3      | Reached XP level 4. HP: 26/33 MP: 1/4
  2327 | D:3      | Identified the amulet "Vixkut" {RegenMP Int+4}
  2440 | D:3      | Found a sparkling altar of Nemelex Xobeh.
  3129 | D:4      | Found a runed translucent door.
  3131 | D:4      | Noticed IHuginn's ghost (novice OpBe)
  3132 | D:4      | Noticed an ogre
  3147 | D:4      | Killed an ogre
  3148 | D:4      | Reached skill level 8 in Polearms
  3148 | D:4      | Reached XP level 5. HP: 12/38 MP: 1/5
  3372 | D:4      | Reached XP level 6. HP: 44/44 MP: 6/6
  3389 | D:5      | Entered Level 5 of the Dungeon
  3461 | D:5      | Reached skill level 9 in Polearms
  3750 | D:4      | Noticed Blork the orc
  3770 | D:3      | HP: 1/44 [Blork the orc/+0 mace (7)]
  3772 | D:3      | Killed Blork the orc
  4006 | D:3      | HP: 2/44 [orc priest/divine providence (13)]
  4012 | D:3      | Reached skill level 10 in Polearms
  4012 | D:3      | Reached XP level 7. HP: 23/50 MP: 0/7
  4241 | D:4      | HP: 1/50 [orc priest/divine providence (12)]
  4242 | D:4      | Gained mutation: You possess an exceptional clarity of
                  | mind. [potion of mutation]
  4242 | D:4      | Gained mutation: You passively dampen the noise of your
                  | surroundings. [potion of mutation]
  4242 | D:4      | Gained mutation: You expend magic power (3 MP) to
                  | strengthen your wands. [potion of mutation]
  4246 | D:4      | Killed from afar by an orc priest

Illustrated notes

Levels and vault maps discovered:
D:1:      saegor_arrival_simple_a, layout_loops_cross,
          hellmonk_ecumenical_altar_run_dry
D:2:      layout_basic, basic_altar
D:3:      kb_forest_paths, layout_basic, nemelex_spade_bored_becter
D:4:      layout_loops_cross, mainiacjoe_overflow_paths,
          cheibrodos_sewer_entry_sluice, ebering_ghost_inner_flame,
          uniq_blork_the_orc
D:5:      layout_gridville, mainiacjoe_overflow_boulevard,
          minmay_temple_entry_drinking_statues, uniq_crazy_yiuf_cottage

Skill      XL: |  1  2  3  4  5  6 |
---------------+-------------------+-----
Polearms       | 5 7 8 10 | 10.0
Fighting       | |  2.1
Throwing       | |  2.0
Dodging        | |  4.0

Action                   |  1- 3 |  4- 6 |  7- 9 || total
-------------------------+-------+-------+-------++-------
Melee: Trident           |   128 |   121 |    21 ||   270
       Punch             |     1 |     2 |     1 ||     4
Throw: Throwing net      |       |     4 |       ||     4
       Javelin           |       |       |     1 ||     1
  Use: Scroll            |     2 |     2 |       ||     4
       Potion            |       |     2 |     1 ||     3
 Stab: Sleeping          |     8 |       |       ||     8
       Held in net/web   |       |     4 |       ||     4
Armor: Leather armour    |    24 |    22 |     7 ||    53
Dodge: Dodged            |    62 |    64 |    11 ||   137
